[Event "Titled Tuesday Blitz May 30 Early 2023"]
[White "Rose, Felix"]
[Black "Williams, Simon K"]
[WhiteFideId "5105722"]
[BlackFideId "404454"]
[WhiteElo "2039"]
[BlackElo "2468"]
[Result "0-1"]
[Round "02"]
[TimeControl "180+2"]
[Date "2023.05.30"]
[WhiteClock "0:00:00"]
[BlackClock "0:00:36"]

1. e4 g6 2. d4 Bg7 3. Nf3 d6 4. Nc3 a6 5. a4 b6 6. Be3 Bb7 7. h3 e6 8. Bc4 Nd7 9. O-O Ne7 10. Bb3 h6 11. Re1 g5 12. Qd2 Ng6 13. d5 Nde5 14. Nxe5 Bxe5 15. dxe6 fxe6 16. Bxe6 Qf6 17. Bd5 O-O-O 18. Bxb7+ Kxb7 19. Nd5 Qf7 20. Qb4 a5 21. Qb5 Qd7 22. Qb3 Qc6 23. Rad1 Nf4 24. Bxf4 gxf4 25. Rd3 Rh7 26. Kh1 Rg7 27. Rg1 Rdg8 28. Qb5 Qxc2 29. Rb3 Rxg2 0-1


[Site "https://www.chess.com"]

[Event "Titled Tuesday Blitz May 30 Early 2023"]
[White "Ehlvest, Jaan"]
[Black "Ardila, Oscar Humberto"]
[WhiteFideId "4500016"]
[BlackFideId "4404742"]
[WhiteElo "2442"]
[BlackElo "1918"]
[Result "1-0"]
[Round "02"]
[TimeControl "180+2"]
[Date "2023.05.30"]
[WhiteClock "0:00:40"]
[BlackClock "0:00:20"]

1. e4 e5 2. Nf3 Nc6 3. Nc3 Nf6 4. Bb5 Bb4 5. O-O O-O 6. d3 d6 7. Ne2 Nh5 8. c3 Ba5 9. d4 Qe7 10. Re1 Bg4 11. Ng3 Nf4 12. h3 Bd7 13. Bf1 Rad8 14. a4 a6 15. b4 Bb6 16. Be3 Bc8 17. b5 axb5 18. axb5 Nb8 19. Qd2 Ng6 20. Qc2 Nf4 21. Ra8 Nd7 22. Nf5 Qf6 23. g3 Ne6 24. Bg2 g6 25. Nh6+ Kg7 26. Ng4 Qe7 27. Bh6+ Kg8 28. Bxf8 Nexf8 29. Qd2 h5 30. Ne3 exd4 31. Nd5 Qe8 32. cxd4 Kg7 33. Qc3 Nf6 34. Nxf6 Kxf6 35. d5+ Ke7 36. e5 Kd7 37. h4 dxe5 38. Nxe5+ Kd6 39. Nc4+ Kc5 40. Rxe8 Rxe8 41. Ne5+ 1-0


[Site "https://www.chess.com"]

[Event "Titled Tuesday Blitz May 30 Early 2023"]
[White "Bashkansky, Ethan"]
[Black "Arabidze, Meri"]
[WhiteFideId "2071533"]
[BlackFideId "13604040"]
[WhiteElo "2314"]
[BlackElo "2405"]
[Result "1-0"]
[Round "02"]
[TimeControl "180+2"]
[Date "2023.05.30"]
[WhiteClock "0:00:08"]
[BlackClock "0:00:04"]

1. d4 d5 2. c4 dxc4 3. Nf3 Nf6 4. e3 Bg4 5. Bxc4 e6 6. O-O Nc6 7. Nbd2 Bd6 8. h3 Bh5 9. b3 O-O 10. Bb2 Re8 11. Rc1 e5 12. dxe5 Nxe5 13. Be2 Nxf3+ 14. Bxf3 Bxf3 15. Qxf3 Be7 16. Rfd1 c6 17. Ne4 Nd5 18. Nc3 Bf6 19. e4 Bg5 20. Rc2 Nb4 21. Rxd8 Raxd8 22. Re2 Nd3 23. Nd1 Ne5 24. Bxe5 Rxd1+ 25. Kh2 Rxe5 26. Qg4 Bf6 27. f4 Re8 28. e5 Be7 29. f5 Bc5 30. h4 Bg1+ 31. Kh3 Rd3+ 32. g3 h6 33. h5 Bc5 34. f6 Bf8 35. e6 fxe6 36. f7+ Kxf7 37. Qg6+ Kg8 38. Qxe8 Rd5 39. Qxe6+ Kh7 40. Qg6+ Kg8 41. Re8 Rg5 42. Qe6+ Kh7 43. Qe4+ Kg8 44. Qe6+ Kh7 45. Rxf8 Rxh5+ 46. Kg4 Rg5+ 47. Kf4 h5 48. Qg8+ Kh6 49. Rd8 Rg4+ 50. Kf3 g6 51. Qh8+ Kg5 52. Qe5+ Kh6 53. Rh8# 1-0


[Site "https://www.chess.com"]

[Event "Titled Tuesday Blitz May 30 Early 2023"]
[White "Melikyan, Gnel"]
[Black "agvania123"]
[WhiteFideId "54109990"]
[WhiteElo "2138"]
[BlackElo "2261"]
[Result "1-0"]
[Round "02"]
[TimeControl "180+2"]
[Date "2023.05.30"]
[WhiteClock "0:00:14"]
[BlackClock "0:00:07"]

1. e4 d5 2. d3 dxe4 3. dxe4 Qxd1+ 4. Kxd1 Nf6 5. f3 c5 6. Be3 e6 7. Nd2 Nc6 8. c3 Be7 9. Kc2 Bd7 10. Rd1 O-O-O 11. Nb3 b6 12. Ba6+ Kc7 13. Ne2 e5 14. Ng3 Be6 15. Be2 h5 16. Bg5 g6 17. Nc1 h4 18. Rxd8 Bxd8 19. Nf1 Be7 20. Ne3 Rd8 21. Bxh4 Nh5 22. Bxe7 Nxe7 23. Rd1 Rxd1 24. Kxd1 Nf4 25. Bf1 f5 26. g3 Nh5 27. exf5 gxf5 28. Bc4 Kd6 29. Bxe6 Kxe6 30. Nd3 f4 31. Nf1 Nd5 32. Ke2 c4 33. Nf2 a5 34. g4 Nhf6 35. h4 Ne7 36. Nd2 Ng6 37. h5 Ne7 38. Nxc4 Ned5 39. h6 Nh7 40. a4 Ndf6 41. Nxb6 1-0


[Site "https://www.chess.com"]

[Event "Titled Tuesday Blitz May 30 Early 2023"]
[White "Souleidis, Georgios"]
[Black "Nugumanov, Bakhtiyar"]
[WhiteFideId "4206827"]
[BlackFideId "13701797"]
[WhiteElo "2401"]
[BlackElo "2209"]
[Result "1-0"]
[Round "02"]
[TimeControl "180+2"]
[Date "2023.05.30"]
[WhiteClock "0:00:15"]
[BlackClock "0:00:00"]

1. e4 e6 2. d4 d5 3. Nc3 Bb4 4. Ne2 Nc6 5. a3 Ba5 6. exd5 exd5 7. Nf4 Nge7 8. Be3 O-O 9. Bd3 Bf5 10. O-O Bxc3 11. bxc3 Qd7 12. a4 Bxd3 13. cxd3 Nf5 14. Qf3 Rad8 15. Bd2 Rfe8 16. Rfe1 Nce7 17. Nh5 c6 18. Bg5 h6 19. Bd2 Ng6 20. Qg4 Nd6 21. Rxe8+ Nxe8 22. Qf3 Nd6 23. g3 Qf5 24. Qxf5 Nxf5 25. a5 Kf8 26. Rb1 Rd7 27. Kf1 Nfe7 28. Bc1 Ke8 29. Ba3 Kf8 30. Ke2 Nh8 31. Nf4 Ng6 32. Ng2 Ke8 33. Ne3 Kd8 34. Kd2 Nf8 35. Bc5 Ne6 36. Bxa7 Kc8 37. Bb6 Rd6 38. Nc2 Rd7 39. c4 dxc4 40. dxc4 c5 41. d5 Nc7 42. Ne3 Na6 43. Kc3 f5 44. Re1 g6 45. Ng2 h5 46. Re6 Nb8 47. Nf4 Na6 48. Nxg6 Nxg6 49. Rxg6 1-0


[Site "https://www.chess.com"]

[Event "Titled Tuesday Blitz May 30 Early 2023"]
[White "Cramling Bellon, Anna"]
[Black "Korchmar, Vasiliy"]
[WhiteFideId "32009232"]
[BlackFideId "24131750"]
[WhiteElo "1976"]
[BlackElo "2370"]
[Result "0-1"]
[Round "02"]
[TimeControl "180+2"]
[Date "2023.05.30"]
[WhiteClock "0:00:00"]
[BlackClock "0:00:50"]

1. d4 d5 2. c4 c6 3. Nf3 Nf6 4. Nc3 e6 5. e3 Nbd7 6. Bd3 dxc4 7. Bxc4 b5 8. Bd3 b4 9. Ne4 Nxe4 10. Bxe4 Bb7 11. O-O Be7 12. Bd2 O-O 13. Rc1 Rc8 14. Qb3 Nf6 15. Bd3 c5 16. dxc5 Bd5 17. Bc4 Bxf3 18. gxf3 Rxc5 19. Bxb4 Rg5+ 20. Kh1 Qa8 21. e4 Rb8 22. Bxe7 Rxb3 23. Bxb3 h6 24. Rfd1 Kh7 25. Bc2 e5 26. Bb3 Qe8 27. Rc7 Qb5 28. Bxf6 gxf6 29. Bxf7 Rg7 30. Rg1 Qb6 31. Rxg7+ Kxg7 32. Rd7 Qxf2 33. Bd5+ Kg6 34. h4 Qxf3+ 35. Kg1 Qg4+ 36. Kf2 Qxd7 0-1


[Site "https://www.chess.com"]

[Event "Titled Tuesday Blitz May 30 Early 2023"]
[White "RobertDowneyJr0111"]
[Black "rionelG"]
[WhiteElo "2628"]
[BlackElo "2113"]
[Result "1-0"]
[Round "02"]
[TimeControl "180+2"]
[Date "2023.05.30"]
[WhiteClock "0:00:07"]
[BlackClock "0:00:04"]

1. e4 c5 2. Nf3 d6 3. d4 cxd4 4. Nxd4 Nf6 5. Nc3 a6 6. h3 b5 7. g4 h6 8. a4 b4 9. Nd5 e6 10. Nxf6+ Qxf6 11. Bg2 Qd8 12. e5 d5 13. Be3 Bd7 14. Qe2 Nc6 15. f4 Be7 16. O-O O-O 17. Nxc6 Bxc6 18. f5 Bg5 19. Bd4 a5 20. Rf3 exf5 21. gxf5 Re8 22. Raf1 Rc8 23. e6 Qc7 24. Be5 Qb7 25. Rg3 Bxa4 26. h4 Bb5 27. hxg5 Bxe2 28. gxh6 f6 29. Bxf6 Bxf1 30. Bxf1 Rxc2 31. Bxg7 Rxe6 32. fxe6 Qb6+ 33. Bd4+ Kh7 34. Bxb6 1-0


[Site "https://www.chess.com"]

[Event "Titled Tuesday Blitz May 30 Early 2023"]
[White "Atoufi, Pedram"]
[Black "Bernabeu Lopez, Carlos Javier"]
[WhiteFideId "12501654"]
[BlackFideId "2235366"]
[WhiteElo "2228"]
[BlackElo "2344"]
[Result "1-0"]
[Round "02"]
[TimeControl "180+2"]
[Date "2023.05.30"]
[WhiteClock "0:01:14"]
[BlackClock "0:01:43"]

1. e4 e5 2. Nc3 Nf6 3. Nf3 Nc6 4. d4 exd4 5. Nxd4 Nxe4 6. Nxe4 Qe7 7. f3 d5 8. Nb5 dxe4 9. fxe4 Qh4+ 10. g3 Qxe4+ 11. Qe2 Qxe2+ 12. Bxe2 Bd6 13. Bf4 Ne5 14. Rd1 Ke7 15. O-O f6 16. Bf3 Bd7 17. Nxd6 cxd6 18. b3 Bc6 19. Be2 Rad8 20. Rd4 b6 21. a4 Rhe8 22. Bd2 Bb7 23. a5 Nc6 24. Rh4 h6 25. Bh5 Rh8 26. axb6 axb6 27. Bf3 Kd7 28. Rg4 g5 29. Bxc6+ Bxc6 30. Rd4 Rdf8 31. Bb4 d5 32. Bxf8 Rxf8 33. c4 f5 34. cxd5 Bb5 35. Re1 f4 36. gxf4 gxf4 37. Re6 f3 38. Kf2 Be2 39. Ra4 Rg8 40. Ra7+ Kd8 41. Ra8+ 1-0


[Site "https://www.chess.com"]

[Event "Titled Tuesday Blitz May 30 Early 2023"]
[White "Sanchez, Robert"]
[Black "Al-Tarboush, Ward"]
[WhiteFideId "2034360"]
[BlackFideId "7601450"]
[WhiteElo "1826"]
[BlackElo "2265"]
[Result "0-1"]
[Round "02"]
[TimeControl "180+2"]
[Date "2023.05.30"]
[WhiteClock "0:00:05"]
[BlackClock "0:00:05"]

1. Nf3 d5 2. e3 c5 3. c3 Nc6 4. d4 Nf6 5. Bd3 Bg4 6. Nbd2 e6 7. h3 Bh5 8. O-O Bd6 9. Qe2 O-O 10. dxc5 Bxc5 11. Rd1 e5 12. e4 d4 13. Nb3 Bb6 14. Bg5 h6 15. Bh4 g5 16. Bg3 Qe7 17. Bh2 dxc3 18. bxc3 g4 19. hxg4 Nxg4 20. Bg3 Rad8 21. Bc4 Nf6 22. Bh4 Rxd1+ 23. Rxd1 Rd8 24. Bd5 Kg7 25. Rd3 Rd6 26. Qd2 Qd7 27. c4 Nxd5 28. cxd5 Bxf3 29. Rxf3 Nd4 30. Rh3 Rg6 31. Kh2 Qg4 32. Bg3 f6 33. d6 h5 34. Rh4 Qg5 35. Qd1 Kf7 36. Rxh5 Qg4 37. Rh7+ Ke6 38. Qxg4+ Rxg4 39. d7 Rg8 40. Nd2 Rd8 41. Nc4 Rxd7 42. Rh6 Rf7 43. Ne3 Rg7 44. Nd5 Rf7 45. Bh4 Bd8 46. Rh8 Kd7 47. g4 Ne6 48. Ne3 Ng5 49. Bxg5 fxg5 50. Nf5 Bb6 51. Kg2 Ke6 52. Re8+ Kf6 53. Rb8 Rd7 54. Rc8 Bd8 55. Rc2 Rc7 56. Rxc7 Bxc7 57. Kf3 b5 58. Ke2 b4 59. Kd3 a5 60. Kc4 Bb6 61. f3 Bf2 62. Kb5 Be1 63. Ka4 Bd2 64. Nd6 Bc3 65. Nc4 Ke6 66. Nxa5 Kd6 67. Nb3 Kc6 68. Ka5 Be1 69. Ka6 Bc3 70. Ka7 Kb5 71. Kb7 Kc4 72. Kc6 Kd3 73. Kd5 Ke3 74. Nc5 Kxf3 75. Ne6 Kxg4 76. Nc7 Kf3 0-1


[Site "https://www.chess.com"]

[Event "Titled Tuesday Blitz May 30 Early 2023"]
[White "Naroditsky, Daniel"]
[Black "Terletsky, Oleg"]
[WhiteFideId "2026961"]
[BlackFideId "14116774"]
[WhiteElo "2633"]
[BlackElo "2084"]
[Result "1-0"]
[Round "02"]
[TimeControl "180+2"]
[Date "2023.05.30"]
[WhiteClock "0:00:09"]
[BlackClock "0:00:00"]

1. e4 e5 2. Nf3 Nc6 3. Bb5 a6 4. Ba4 Nf6 5. O-O Be7 6. d3 b5 7. Bb3 d6 8. a3 O-O 9. Nc3 Bg4 10. Be3 Nd4 11. Bxd4 exd4 12. Nd5 c5 13. h3 Be6 14. Nf4 Bxb3 15. cxb3 d5 16. e5 Ne8 17. b4 cxb4 18. Nxd4 bxa3 19. bxa3 Bg5 20. Qg4 Bxf4 21. Qxf4 Nc7 22. Nf5 Ne6 23. Qf3 Rc8 24. Rac1 Qg5 25. Rxc8 Rxc8 26. h4 Qd8 27. Nd6 Rc7 28. Qxd5 Qxh4 29. Qa8+ Qd8 30. Qe4 g6 31. f4 Rc2 32. f5 Ng5 33. Qd5 Qb6+ 34. Kh2 Qe3 35. fxg6 Qh3+ 36. Kg1 Qe3+ 37. Kh1 hxg6 38. Nxf7 Kg7 39. Nxg5 Qxg5 40. Qf7+ Kh6 41. Qf8+ Kh5 42. Qh8+ Qh6 43. Qxh6+ Kxh6 44. Rf6 Kg5 45. Rxa6 Re2 46. d4 Kf4 47. Rxg6 Rd2 48. Rd6 1-0


[Site "https://www.chess.com"]

[Event "Titled Tuesday Blitz May 30 Early 2023"]
[White "Tologon tegin, Semetei"]
[Black "Pranav, V"]
[WhiteFideId "13800574"]
[BlackFideId "25060783"]
[WhiteElo "2247"]
[BlackElo "2515"]
[Result "0-1"]
[Round "02"]
[TimeControl "180+2"]
[Date "2023.05.30"]
[WhiteClock "0:00:00"]
[BlackClock "0:00:17"]

1. e4 e5 2. Nf3 Nc6 3. Bb5 a6 4. Ba4 Nf6 5. d3 d6 6. c4 g6 7. h3 Bg7 8. Nc3 O-O 9. O-O h6 10. Be3 Kh7 11. d4 exd4 12. Nxd4 Ne5 13. Qe2 c6 14. Rad1 b5 15. Bb3 b4 16. Na4 c5 17. Nf3 Qe7 18. Nb6 Rb8 19. Nxc8 Rbxc8 20. Nxe5 Qxe5 21. f3 Nh5 22. Qd2 Rcd8 23. Rb1 g5 24. Ba4 Nf4 25. Bc6 Bf6 26. Rfd1 Rg8 27. b3 h5 28. Bd5 Rg7 29. Qf2 Qe7 30. Rd2 Be5 31. Rbd1 Rdg8 32. Qf1 Qf6 33. g3 Ng6 34. Rg2 a5 35. Qe2 h4 36. g4 Bf4 37. Bxf4 Nxf4 38. Qd2 Nxh3+ 39. Kh1 Qe5 40. Qd3 Nf4 41. Qc2 Nxg2 42. Qxg2 Rf8 43. Bc6 Rg6 44. Bd7 Kg7 45. Bf5 Rf6 46. Rd5 Qf4 47. Qf2 Re8 48. Kg2 Re5 49. Rd3 h3+ 50. Kh1 Rfxf5 51. gxf5 Rxe4 52. Rd1 Re3 53. Rf1 Rd3 54. Qe2 Rd2 55. f6+ Kxf6 0-1


[Site "https://www.chess.com"]

[Event "Titled Tuesday Blitz May 30 Early 2023"]
[White "Narayanan.S.L"]
[Black "Bruedigam, Martin"]
[WhiteFideId "5058422"]
[BlackFideId "24608033"]
[WhiteElo "2563"]
[BlackElo "2331"]
[Result "1-0"]
[Round "02"]
[TimeControl "180+2"]
[Date "2023.05.30"]
[WhiteClock "0:00:53"]
[BlackClock "0:00:00"]

1. b3 e5 2. Bb2 Nc6 3. e3 Nf6 4. Bb5 Bd6 5. Ne2 a6 6. Bxc6 dxc6 7. d3 Be6 8. Ng3 Nd7 9. e4 Qe7 10. O-O f6 11. Nd2 Qf7 12. Kh1 h5 13. Nf5 Bc5 14. f4 Bxf5 15. exf5 O-O-O 16. Ne4 Bd4 17. c3 Be3 18. fxe5 Nxe5 19. d4 Nd7 20. Qf3 Bh6 21. Bc1 Bxc1 22. Raxc1 h4 23. h3 Rde8 24. Rce1 Re7 25. Re2 Rhe8 26. Rfe1 Kd8 27. c4 g6 28. fxg6 Qxg6 29. Qf4 Qh5 30. Re3 f5 31. Ng5 Rxe3 32. Rxe3 Rxe3 33. Qxe3 Qg6 34. Ne6+ Kc8 35. Nf4 Qf7 36. Qe6 Qxe6 37. Nxe6 b5 38. Ng7 bxc4 39. bxc4 c5 40. dxc5 f4 41. Nf5 Nxc5 42. Nxh4 Ne4 43. Ng6 f3 44. gxf3 Nd2 45. h4 Kd7 46. h5 Ke6 47. h6 1-0


[Site "https://www.chess.com"]

[Event "Titled Tuesday Blitz May 30 Early 2023"]
[White "Aydin, Gulenay"]
[Black "Hakobyan, Aram"]
[WhiteFideId "34557431"]
[BlackFideId "13306677"]
[WhiteElo "2009"]
[BlackElo "2584"]
[Result "0-1"]
[Round "02"]
[TimeControl "180+2"]
[Date "2023.05.30"]
[WhiteClock "0:00:14"]
[BlackClock "0:02:08"]

1. e4 g6 2. d4 Bg7 3. Nc3 c5 4. dxc5 Bxc3+ 5. bxc3 Nf6 6. Qd4 Nc6 7. Qa4 Qa5 8. Qxa5 Nxa5 9. Bd3 b6 10. cxb6 Bb7 11. f3 axb6 12. Be3 d5 13. Bd4 dxe4 14. fxe4 O-O 15. Bxf6 exf6 16. Ne2 Rfe8 17. Rf1 Kg7 18. Rf4 g5 19. Rf2 Bxe4 20. Kd2 Bxd3 21. cxd3 Nb3+ 22. axb3 Rxa1 23. Nc1 h5 24. d4 b5 25. Rf5 b4 26. c4 Kg6 27. Rb5 h4 28. Rxb4 h3 29. g3 f5 30. d5 f4 31. Rb6+ f6 32. gxf4 g4 33. d6 g3 34. d7 Rd8 35. f5+ Kg5 0-1


[Site "https://www.chess.com"]

[Event "Titled Tuesday Blitz May 30 Early 2023"]
[White "Zhigalko, Sergei"]
[Black "Shukhman, Anna"]
[WhiteFideId "13502956"]
[BlackFideId "54180058"]
[WhiteElo "2626"]
[BlackElo "2235"]
[Result "1-0"]
[Round "02"]
[TimeControl "180+2"]
[Date "2023.05.30"]
[WhiteClock "0:00:52"]
[BlackClock "0:00:21"]

1. e4 c5 2. Nf3 e6 3. c3 Nf6 4. e5 Nd5 5. Bc4 Nc6 6. d4 cxd4 7. cxd4 d6 8. O-O Be7 9. Bd2 O-O 10. Nc3 Nxc3 11. Bxc3 dxe5 12. dxe5 Qxd1 13. Rfxd1 a6 14. Bd3 Rd8 15. Be4 Bd7 16. h4 Rac8 17. h5 Be8 18. a3 f5 19. exf6 gxf6 20. g4 Bf7 21. Kg2 e5 22. Nh4 Nd4 23. Bxb7 Rb8 24. Be4 Nb3 25. Rab1 Be6 26. Nf5 Bc5 27. Rxd8+ Rxd8 28. Re1 Bxf5 29. Bxf5 Nd4 30. Bd3 Ne6 31. Bc4 Kf7 32. Bxe5 fxe5 33. Rxe5 Rd4 34. Bxe6+ Kf6 35. Rxc5 Kxe6 36. Kg3 Rd3+ 37. f3 Rb3 38. Rc6+ Kf7 39. Rxa6 Rxb2 40. Ra7+ Kg8 41. a4 h6 42. a5 Ra2 43. a6 Ra4 44. Ra8+ Kg7 45. a7 Kh7 46. f4 Ra3+ 47. Kf2 Kg7 48. f5 Ra6 49. Ke3 Ra3+ 50. Kd4 Ra4+ 51. Kc5 Rxg4 52. Rb8 Ra4 53. a8=Q Rxa8 54. Rxa8 Kf6 55. Ra6+ Kxf5 56. Rxh6 Kg5 57. Rh8 Kf6 58. Kd5 Kg7 59. Rc8 Kh6 60. Rg8 Kxh5 61. Rg1 Kh6 62. Ke5 Kh5 63. Kf4 Kh6 64. Kf5 1-0


[Site "https://www.chess.com"]

[Event "Titled Tuesday Blitz May 30 Early 2023"]
[White "Ronka, Erik"]
[Black "Galchenko, Matvey"]
[WhiteFideId "505080"]
[BlackFideId "24175480"]
[WhiteElo "2264"]
[BlackElo "2423"]
[Result "0-1"]
[Round "02"]
[TimeControl "180+2"]
[Date "2023.05.30"]
[WhiteClock "0:00:08"]
[BlackClock "0:00:05"]

1. e4 e6 2. d4 d5 3. Nc3 Bb4 4. e5 Ne7 5. a3 Bxc3+ 6. bxc3 c5 7. Qg4 cxd4 8. Qxg7 Rg8 9. Qxh7 Qc7 10. Qd3 Qxe5+ 11. Ne2 dxc3 12. Qxc3 Qxc3+ 13. Nxc3 Nbc6 14. h4 e5 15. Bg5 Bf5 16. Bd3 Bxd3 17. cxd3 Kd7 18. Rb1 b6 19. f4 exf4 20. O-O Ng6 21. Nxd5 Rh8 22. Nxf4 Nge5 23. d4 Nc4 24. Ra1 Kd6 25. Nd3 Nxd4 26. Bf6 Ne2+ 27. Kf2 Rhe8 28. Rfe1 Re6 29. Bg5 Rae8 30. a4 Nc3 31. Rxe6+ Rxe6 32. Rc1 Ne4+ 33. Kf3 Nxg5+ 34. hxg5 Nd2+ 35. Kf4 Re4+ 36. Kf5 Rxa4 37. Nf4 Ne4 38. Rd1+ Kc6 39. Nd5 Nd6+ 40. Kf6 Rg4 41. Ne3 Rf4+ 42. Ke7 Re4+ 43. Kd8 Rxe3 44. Rc1+ Kd5 45. Kd7 Rg3 46. Rd1+ Kc5 47. Rxd6 Rxg5 48. Rf6 Rxg2 49. Rxf7 a5 50. Rf5+ Kb4 51. Kc6 Rg6+ 52. Kd5 a4 53. Rf4+ Ka5 54. Kc4 Rc6+ 55. Kd3 Rc8 56. Rf7 b5 57. Rf6 a3 58. Rf5 a2 59. Rf1 b4 60. Rf7 Ra8 61. Rf1 Rc8 62. Rf7 b3 63. Ra7+ Kb6 64. Ra3 b2 65. Kd2 b1=Q 66. Rb3+ Qxb3 67. Ke2 Rc2+ 68. Kf1 Qb1# 0-1


[Site "https://www.chess.com"]

[Event "Titled Tuesday Blitz May 30 Early 2023"]
[White "Bryakin, Mikhail"]
[Black "Ljukin, Sergei"]
[WhiteFideId "4165314"]
[BlackFideId "14102200"]
[WhiteElo "2467"]
[BlackElo "2312"]
[Result "1-0"]
[Round "02"]
[TimeControl "180+2"]
[Date "2023.05.30"]
[WhiteClock "0:01:39"]
[BlackClock "0:00:00"]

1. Nf3 d5 2. b3 Nf6 3. Bb2 Bg4 4. g3 e6 5. Bg2 Nbd7 6. O-O Bd6 7. c4 c6 8. d3 e5 9. Nbd2 O-O 10. Qc2 Qe7 11. e4 dxe4 12. Nxe4 Nxe4 13. dxe4 Ba3 14. Bc3 Bb4 15. Bb2 Ba3 16. h3 Bxf3 17. Bxf3 Bxb2 18. Qxb2 a5 19. Rad1 Nc5 20. Qc3 f6 21. Kg2 Ne6 22. Rd2 Nd4 23. c5 Rfd8 24. Rfd1 g6 25. Bg4 Kg7 26. h4 h5 27. Bh3 Nb5 28. Qc1 Rxd2 29. Rxd2 Rd8 30. g4 hxg4 31. Bxg4 Nd4 32. Rd3 Nb5 33. Rg3 Kh7 34. h5 g5 35. Bf5+ Kh6 36. Bg6 Rd4 37. Rf3 a4 38. Rf5 a3 39. Qe3 1-0


[Site "https://www.chess.com"]

[Event "Titled Tuesday Blitz May 30 Early 2023"]
[White "Zheenbekov, Nurgazy"]
[Black "Janik, Igor"]
[WhiteFideId "13800485"]
[BlackFideId "1159259"]
[WhiteElo "1975"]
[BlackElo "2484"]
[Result "0-1"]
[Round "02"]
[TimeControl "180+2"]
[Date "2023.05.30"]
[WhiteClock "0:00:00"]
[BlackClock "0:02:03"]

1. e4 c6 2. d4 d5 3. exd5 cxd5 4. Bd3 Nc6 5. c3 g6 6. h3 Bf5 7. Be2 Nf6 8. Nf3 Bg7 9. O-O O-O 10. Bf4 Rc8 11. Re1 Na5 12. Nbd2 Re8 13. Ne5 Nd7 14. Bf1 Nc6 15. Nd3 Bxd3 16. Bxd3 Qb6 17. Qb3 e6 18. Qxb6 Nxb6 19. Nb3 Na4 20. Rab1 a6 21. Be3 b5 22. f4 Bf8 23. Re2 Nb6 24. Nc5 Ra8 25. Bf2 Nc4 26. a3 a5 27. g4 b4 28. axb4 axb4 29. Bxc4 dxc4 30. Nd7 Red8 31. Nb6 Ra2 32. Nxc4 bxc3 33. Kf1 Nxd4 0-1


[Site "https://www.chess.com"]

[Event "Titled Tuesday Blitz May 30 Early 2023"]
[White "Heinemann, Josefine"]
[Black "Ilamparthi A R"]
[WhiteFideId "12900460"]
[BlackFideId "45015775"]
[WhiteElo "2342"]
[BlackElo "2348"]
[Result "1-0"]
[Round "02"]
[TimeControl "180+2"]
[Date "2023.05.30"]
[WhiteClock "0:00:36"]
[BlackClock "0:00:12"]

1. e4 c5 2. Nf3 d6 3. d4 cxd4 4. Nxd4 Nf6 5. Nc3 a6 6. Rg1 e5 7. Nb3 h5 8. h3 h4 9. Be3 Be6 10. Qd2 Nbd7 11. O-O-O Rc8 12. Kb1 b5 13. f4 b4 14. Nd5 Nxe4 15. Qe1 Nef6 16. Nxf6+ gxf6 17. Bxa6 Ra8 18. Bb5 Qb8 19. Qe2 Be7 20. Rgf1 Kf8 21. f5 Bxb3 22. axb3 Nc5 23. Bxc5 dxc5 24. Rd7 Ra5 25. Ba4 Qc8 26. Rfd1 c4 27. Qe3 c3 28. Qb6 Ra6 29. Qb5 cxb2 30. Rxe7 Kxe7 31. Qxb4+ 1-0


[Site "https://www.chess.com"]

[Event "Titled Tuesday Blitz May 30 Early 2023"]
[White "Erzhanov, Arman"]
[Black "Yuan, Qingyu"]
[WhiteFideId "4138821"]
[BlackFideId "8609772"]
[WhiteElo "2138"]
[BlackElo "2359"]
[Result "0-1"]
[Round "02"]
[TimeControl "180+2"]
[Date "2023.05.30"]
[WhiteClock "0:00:13"]
[BlackClock "0:00:27"]

1. e4 e5 2. Nf3 Nc6 3. Bb5 Nf6 4. O-O Nxe4 5. Re1 Nd6 6. Nxe5 Be7 7. Bf1 Nxe5 8. Rxe5 O-O 9. d4 Bf6 10. Re1 Re8 11. Rxe8+ Nxe8 12. c3 d5 13. Bf4 Nd6 14. Bd3 c6 15. Nd2 Bf5 16. Bxf5 Nxf5 17. Nf3 g6 18. Qd2 Qf8 19. Re1 Re8 20. h3 h5 21. Re2 Rxe2 22. Qxe2 Qe7 23. Kf1 Qxe2+ 24. Kxe2 Kf8 25. Bb8 a6 26. Ne5 Bxe5 27. Bxe5 Ke7 28. b3 Ke6 29. Bb8 Ne7 30. Kd3 Kf5 31. c4 Ng8 32. Be5 g5 33. Kc3 Ke4 34. cxd5 Kxd5 35. Kd3 f6 36. Bb8 Ne7 37. Ba7 g4 38. hxg4 hxg4 39. Bb6 Nf5 40. Ba7 Nh4 41. g3 Ng6 42. Ke3 f5 43. Bb8 Ke6 44. Bc7 Ne7 45. Bb8 Nd5+ 46. Ke2 Nc3+ 47. Kd3 Nxa2 48. Kc4 Nc1 49. b4 b5+ 50. Kc5 Kd7 51. Kb6 Nd3 52. Ka5 Nxf2 53. Kxa6 Nd3 54. Ka5 Ke6 55. Ba7 Kd5 56. Bb8 Nc1 57. Kb6 Ne2 58. Be5 Nxd4 59. Bxd4 Kxd4 60. Kxc6 f4 61. gxf4 g3 62. f5 g2 63. f6 g1=Q 64. f7 Qf1 65. f8=N Qxf8 66. Kxb5 Kc3 67. Ka5 Qxb4+ 68. Ka6 Kc4 69. Ka7 Kc5 70. Ka8 Kc6 71. Ka7 Qb7# 0-1


[Site "https://www.chess.com"]

[Event "Titled Tuesday Blitz May 30 Early 2023"]
[White "Begunov, Konstantin"]
[Black "Schmakel, Sam"]
[WhiteFideId "4118510"]
[BlackFideId "2039311"]
[WhiteElo "2050"]
[BlackElo "2356"]
[Result "0-1"]
[Round "02"]
[TimeControl "180+2"]
[Date "2023.05.30"]
[WhiteClock "0:00:09"]
[BlackClock "0:01:49"]

1. d4 g6 2. c4 Bg7 3. Nc3 e6 4. e4 Ne7 5. Bg5 h6 6. Be3 d5 7. Qd2 dxe4 8. Nxe4 Nf5 9. Nf3 Nc6 10. O-O-O O-O 11. Be2 a5 12. Kb1 b6 13. g4 Nxe3 14. fxe3 Bb7 15. Nc3 Nb4 16. a3 Qe8 17. axb4 axb4 18. Nb5 Be4+ 19. Bd3 Bxf3 20. Qxb4 c5 21. dxc5 bxc5 22. Qxc5 Bxh1 23. Rxh1 Qd8 24. Be4 Qd2 25. Bc2 Rfc8 26. Qe7 Rxc4 27. Bb3 Qxb2# 0-1


[Site "https://www.chess.com"]

[Event "Titled Tuesday Blitz May 30 Early 2023"]
[White "Dinu, Dumitru-Daniel"]
[Black "Dimitrov, Atanas"]
[WhiteFideId "1208403"]
[BlackFideId "2901315"]
[WhiteElo "2240"]
[BlackElo "2712"]
[Result "0-1"]
[Round "02"]
[TimeControl "180+2"]
[Date "2023.05.30"]
[WhiteClock "0:00:00"]
[BlackClock "0:00:08"]

1. e4 c5 2. b3 Nc6 3. Bb2 d6 4. Bb5 Bd7 5. f4 e6 6. Nf3 Nf6 7. Qe2 Be7 8. O-O O-O 9. Bxc6 Bxc6 10. d3 Nd7 11. Nbd2 b5 12. Rae1 a5 13. d4 a4 14. d5 Bb7 15. Qxb5 Ba6 16. Qc6 Bxf1 17. Rxf1 exd5 18. Qxd5 axb3 19. axb3 Bf6 20. Bxf6 Nxf6 21. Qd3 Re8 22. Rd1 h6 23. h3 Qe7 24. e5 dxe5 25. fxe5 Nd7 26. Nc4 Rad8 27. Qe3 Nf8 28. Rxd8 Rxd8 29. Kf2 Ng6 30. g3 Qe6 31. Kg2 Qf5 32. Qe2 h5 33. Nd6 Qe6 34. Nc4 h4 35. Nxh4 Nxh4+ 36. gxh4 Rd4 37. Qf2 Qg6+ 38. Kh2 Rd1 39. Nd6 Qh5 40. Nf5 g6 41. Nd6 Qxe5+ 0-1


[Site "https://www.chess.com"]

[Event "Titled Tuesday Blitz May 30 Early 2023"]
[White "Itgelt, Khuyagtsogt"]
[Black "Gil Alba, Hector Luis"]
[WhiteFideId "4902912"]
[BlackFideId "3504670"]
[WhiteElo "2227"]
[BlackElo "2331"]
[Result "0-1"]
[Round "02"]
[TimeControl "180+2"]
[Date "2023.05.30"]
[WhiteClock "0:00:03"]
[BlackClock "0:00:47"]

1. Nf3 Nf6 2. g3 e6 3. d4 d5 4. c4 dxc4 5. Bg2 Be7 6. Qa4+ Bd7 7. Qxc4 Bc6 8. O-O O-O 9. Rd1 Nbd7 10. Nc3 Nb6 11. Qb3 Nbd5 12. Bg5 Nxc3 13. bxc3 b5 14. Ne5 Bxg2 15. Kxg2 Qe8 16. a4 a6 17. axb5 axb5 18. f3 Ra4 19. Rdb1 Qa8 20. Rxa4 bxa4 21. Qc4 Nd5 22. Bd2 Bd6 23. Nd3 a3 24. e4 Nb6 25. Qa2 Qa6 26. Qc2 Nc4 27. Bc1 h5 28. Ra1 Rb8 29. Ra2 Qb5 30. e5 Be7 31. Nf4 Qb1 32. Qxb1 Rxb1 33. Nd3 Rb3 34. Kf2 Rxc3 35. Ke2 Rb3 36. h4 g6 37. Nf2 Rb2+ 38. Bxb2 axb2 39. Rxb2 Nxb2 40. Kd2 Nc4+ 41. Kc3 Nb6 42. Ne4 Nd5+ 43. Kd3 Kg7 44. Kc4 f5 45. exf6+ Nxf6 46. Ng5 Bd6 47. Nxe6+ Kf7 48. d5 Bxg3 49. f4 Ke7 50. Nxc7 Bxf4 51. Nb5 Bg3 52. Kd4 Ne8 53. Ke3 Bxh4 54. Kf3 Nd6 55. Nd4 Bf6 56. Nc6+ Kf7 57. Nb4 g5 58. Nd3 g4+ 59. Kf4 Kg6 60. Kg3 Kg5 61. Nf2 Be5+ 62. Kg2 h4 63. Kg1 g3 64. Nh3+ Kg4 65. Kg2 Nf5 66. d6 Bxd6 67. Ng1 Ne3+ 68. Kh1 g2# 0-1


[Site "https://www.chess.com"]